 Dungeon Sprint DCSS version 0.27-a0-550-ge92ec0ca06 (webtiles) character file.

Game seed: 17463244306514873515

942 mhtbhm the Blocker (level 7, 0/109 HPs)
             Began as a Minotaur Fighter on Mar 7, 2021.
             Was a High Priest of Trog.
             Slain by a freezing wraith (4 damage)
             ... in the Dungeon (Sprint VII: "The Pits").
             The game lasted 00:01:41 (569 turns).

mhtbhm the Blocker (Minotaur Fighter)                Turns: 569, Time: 00:01:42

Health: 0/109      AC: 10    Str: 23    XL:     7   Next: 88%
Magic:  6/6        EV: 11    Int:  5    God:    Trog [*****.]
Gold:   0          SH: 12    Dex:  9    Spells: 6/6 levels left

rFire    . . .     SeeInvis .   a - +1 hand axe (vorpal)
rCold    . . .     Faith    .   c - +0 kite shield
rNeg     . . .     Spirit   .   b - +3 ring mail
rPois    .         Reflect  .   (helmet restricted)
rElec    .         Harm     .   (no cloak)
rCorr    .         Rampage  .   (no gloves)
Will     .....     NoTele   +   (no boots)
Stlth    ..........             (no amulet)
HPRegen  0.28/turn              (no ring)
MPRegen  0.10/turn              (no ring)

@: berserking (expiring), lethally poisoned (0 -> -76), slowed
A: horns 2, retaliatory headbutt
a: Renounce Religion, Berserk, Trog's Hand, Brothers in Arms


You were in the Dungeon.
You worshipped Trog.
Trog was extremely pleased with you.
You visited 1 branch

Inventory:

Hand Weapons
 a - a +1 vorpal hand axe (weapon)
Armour
 b - a +3 ring mail (worn)
 c - a +0 kite shield (worn)
Scrolls
 j - a scroll of blinking
 l - a scroll of summoning
Potions
 d - a potion of might
 e - 6 potions of curing
 f - 6 potions of heal wounds
 g - a potion of haste
 h - 4 potions of magic
 i - 3 potions of berserk rage
 k - 2 potions of invisibility


   Skills:
 + Level 10.3 Fighting
 + Level 10.6 Axes
 + Level 9.9 Armour
 + Level 3.5 Dodging
 + Level 0.7 Stealth
 + Level 11.4 Shields


You had 6 spell levels left.
You didn't know any spells.
Your spell library was empty.

Dungeon Overview and Level Annotations

Branches:
Dungeon (1/1)

Altars:
Cheibriados
Dithmenos
Elyvilon
Fedhas
Gozag
Hepliaklqana
Makhleb
Nemelex Xobeh
Okawaru
Qazlal
Ru
Sif Muna
Trog
Vehumet
Wu Jian
Xom
Yredelemnul
Zin
The Shining One
Beogh
Jiyva
Lugonu


Innate Abilities, Weirdness & Mutations

You have a pair of horns on your head.
You reflexively headbutt those who attack you in melee.


Message History

Trog accepts your kill.
You are engulfed in poison gas.
You are more poisoned.
You feel sick.
Your Fighting skill increases to level 10!
Your Axes skill gained 2 levels and is now at level 10!
Your Armour skill increases to level 9!
Your Dodging skill increases to level 3!
Your Shields skill increases to level 11!
You have reached level 7!
You are engulfed in poison gas.
You are more poisoned.
You feel very sick. You block the freezing wraith's attack.
The freezing wraith hits you. The freezing wraith drains your vigour!
You feel yourself slow down.
There is an open door, spattered with blood here.
You see here a swamp dragon corpse.
You hit the freezing wraith.
Your headbutt misses the freezing wraith.
The freezing wraith is heavily damaged.
You are engulfed in poison gas.
You are more poisoned.
You feel very sick. The freezing wraith hits you!
The freezing wraith freezes you!!
* * * LOW HITPOINT WARNING * * *
You block the freezing wraith's attack.
You slash the freezing wraith!
The freezing wraith is almost destroyed.
You are engulfed in poison gas.
You are more poisoned.
* * * LOW HITPOINT WARNING * * *
x2 You feel very sick.
The freezing wraith hits you but does no damage.
The freezing wraith barely misses you.
You hit the freezing wraith but do no damage.
The freezing wraith is almost destroyed.
You are engulfed in poison gas.
You are more poisoned.
* * * LOW HITPOINT WARNING * * *
x2 You feel very sick.
You block the freezing wraith's attack. The freezing wraith hits you.
You die...

#.#####'#####...<...#
#.#...)))[.##.......#
#.#...)))[.##.......#
#'###########.......#
#÷))....#..##########
#..)#...#°######
#...#...#°#○°..#
#.##.##.#†#°...#
#...#...#☼@W...+
#...#...#○#°...#
#.......).#....#
################


You could see a freezing wraith.

Vanquished Creatures
  A swamp dragon (D)
  Eustachio (D)
  A sky beast (D)
  A scorpion (D)
  2 jellies (D)
  2 orc priests (D)
  A worker ant (D)
  2 gnolls (D)
  An adder (D)
  An ooze (D)
  2 orcs (D)
  A giant cockroach (D)
  2 goblins (D)
  2 hobgoblins (D)
  4 jackals (D)
  A kobold (D)
  A bat (D)
  A frilled lizard (D)
27 creatures vanquished.

Notes
Turn   | Place    | Note
-------+----------+-------------------------------------------
     0 | D        | mhtbhm the Minotaur Fighter began the quest for the Orb.
     0 | D        | Reached XP level 1. HP: 19/19 MP: 0/0
    16 | D        | Found a bloodstained altar of Trog.
    16 | D        | Found a shimmering blue altar of Sif Muna.
    16 | D        | Found a viscous altar of Jiyva.
    16 | D        | Found a hazy altar of Hepliaklqana.
    16 | D        | Found an opulent altar of Gozag.
    17 | D        | Found a glowing golden altar of the Shining One.
    17 | D        | Found a glowing silver altar of Zin.
    17 | D        | Found a basalt altar of Yredelemnul.
    17 | D        | Found a shimmering altar of Xom.
    17 | D        | Found an ornate altar of the Wu Jian Council.
    17 | D        | Found a sacrificial altar of Ru.
    17 | D        | Found a stormy altar of Qazlal.
    17 | D        | Found an iron altar of Okawaru.
    17 | D        | Found a sparkling altar of Nemelex Xobeh.
    17 | D        | Found a burning altar of Makhleb.
    17 | D        | Found a blossoming altar of Fedhas.
    17 | D        | Found a white marble altar of Elyvilon.
    17 | D        | Found a shadowy altar of Dithmenos.
    17 | D        | Found a snail-covered altar of Cheibriados.
    19 | D        | Found a radiant altar of Vehumet.
    19 | D        | Found a corrupted altar of Lugonu.
    21 | D        | Became a worshipper of Trog the Wrathful
    61 | D        | Reached skill level 4 in Shields
    68 | D        | Reached * piety under Trog
    69 | D        | Reached XP level 2. HP: 27/28 MP: 1/1
    80 | D        | Reached skill level 5 in Fighting
    80 | D        | Reached skill level 5 in Armour
    80 | D        | Reached skill level 5 in Shields
    80 | D        | Reached XP level 3. HP: 36/36 MP: 2/2
    82 | D        | Reached ** piety under Trog
   129 | D        | Reached *** piety under Trog
   198 | D        | Noticed a scorpion
   201 | D        | Reached skill level 6 in Shields
   204 | D        | Reached XP level 4. HP: 28/45 MP: 3/3
   205 | D        | Reached skill level 5 in Axes
   205 | D        | Reached **** piety under Trog
   209 | D        | Reached skill level 1 in Dodging
   209 | D        | Reached skill level 7 in Shields
   210 | D        | Reached skill level 8 in Shields
   210 | D        | Reached XP level 5. HP: 15/52 MP: 4/4
   210 | D        | Reached ***** piety under Trog
   399 | D        | Noticed Eustachio
   406 | D        | Killed Eustachio
   407 | D        | Reached skill level 9 in Shields
   407 | D        | Reached XP level 6. HP: 62/62 MP: 5/5
   440 | D        | Noticed a sky beast
   452 | D        | Killed a sky beast
   452 | D        | Received a gift from Trog
   455 | D        | Reached skill level 10 in Shields
   556 | D        | Noticed a freezing wraith
   556 | D        | Noticed a swamp dragon
   565 | D        | Killed a swamp dragon
   566 | D        | Reached skill level 10 in Fighting
   566 | D        | Reached skill level 10 in Axes
   566 | D        | Reached skill level 11 in Shields
   566 | D        | Reached XP level 7. HP: 66/73 MP: 6/6
   569 | D        | HP: 4/109 [poison (poison gas)]
   569 | D        | Slain by a freezing wraith

Illustrated notes

Levels and vault maps discovered:
D:        pitsprint [storerooms_1, entrance_room_1, metal_vault_1, armoury_2,
          mini_pit_1, grid_room_1, main_hall_1, silver_pit, the_coven_3,
          the_vestibule_1, steel_vault_4, golden_pit, hallway_of_sentries,
          crystal_vault_2, iron_vault_1, final_vault]

Skill      XL: |  1  2  3  4  5  6 |
---------------+-------------------+-----
Fighting       | 4 5 6 7 8 10 | 10.3
Armour         | 4 5 6 7 8 9 |  9.9
Shields        | 4 5 6 8 9 11 | 11.4
Axes           | 3 4 6 7 10 | 10.6
Dodging        | 1 3 |  3.5
Stealth        | |  0.7

Action                   |  1- 3 |  4- 6 |  7- 9 || total
-------------------------+-------+-------+-------++-------
Melee: Hand axe          |    28 |    36 |     3 ||    67
       Headbutt          |     3 |    11 |       ||    14
       War axe           |     1 |       |       ||     1
Invok: Berserk           |     2 |     2 |       ||     4
Armor: Scale mail        |     7 |       |       ||     7
       Ring mail         |     2 |     5 |     1 ||     8
Dodge: Dodged            |     2 |     9 |     1 ||    12
Block: Kite shield       |    13 |    18 |     3 ||    34

Table legend: (Time is in decaauts)
 A = Elapsed time spent in this place.
 B = Non-inter-level travel time spent in this place.
 C = Inter-level travel time spent in this place.
 D = Time resting spent in this place.
 E = Time spent auto-exploring this place.
 F = Levels seen in this place.
 G = Mean time per level.
                   A        B        C        D        E       F      G
               +--------+--------+--------+--------+--------+-----+--------+
         Total |    599 |    599 |      0 |    350 |      0 |   1 |  599.0 |
       Dungeon |    599 |    599 |      0 |    350 |      0 |   1 |  599.0 |
               +--------+--------+--------+--------+--------+-----+--------+

Top non-repeatable levels by time:
       D: 599 daAuts
